Description

In this replay, i show you how to do a proxy double robo in PvT, this build order is extremly powerful and works from bronze to Grand Master !

VOD

https://youtu.be/gfv__cwVXvs

Replay - DrunkenSCV v zuka - Lost and Found LE

Build Order

Get SALT Encoding   

  12  0:00  Probe  
  13  0:12  Probe  
  14  0:17  Pylon  
  14  0:20  Probe  
  15  0:31  Probe  
  16  0:36  Gateway  
  16  0:43  Probe  
  16  0:46  Assimilator  
  17  0:53  Probe  
  17  0:56  Assimilator  
  18  1:01  Probe  
  18  1:09  Probe  
  20  1:21  Probe  
  20  1:25  Cybernetics Core  
  21  1:34  Probe  
  22  1:41  Pylon  
  23  2:04  Robotics Facility x2  
  23  2:10  Adept  
  25  2:30  Shield Battery x2  
  25  2:31  Pylon  
  27  2:53  Immortal x2  
  33  3:23  Pylon  
  33  3:24  Warp Prism  
  33  3:39  Immortal  
  39  4:00  Immortal  
  43  4:19  Immortal  
  47  4:37  Pylon  
  47  4:50  Adept  
  47  4:59  Observer  
  47  5:06  Warp Prism  
  48  5:26  Immortal  
Spawning Tool Build Advisor. Get it on Overwolf

Go to:

Details

  • Created by: zuka      
  • Published on: Aug 14, 2018
  • Patch: 4.0.0
Show
View Real Time Build Order
Export as new Build Order

Comments (2)

On Sept. 26, 2018, 4:48 a.m., zuka  said:

Well, If i can't go inside his base, i do the warp gate and I do a stalker. But honestly, banshee takes a lot of time and if he does it, you can win before the first banshee.

On Sept. 10, 2018, 1:53 a.m., Stormsurger  said:

Hey Zuka, what would you do if the terran builds banshees against this?

Create an account to comment!